 Dungeon Crawl Stone Soup version 0.25.1-2-g60ff931df9 (webtiles) character file.

Game seed: 18095457743422588151

161167 lorenzova the Eclecticist (level 16, 0/76 HPs)
             Began as a Deep Elf Conjurer on Oct 13, 2020.
             Was a High Priest of Sif Muna.
             Slain by a black mamba (1 damage)
             ... on level 3 of the Snake Pit on Oct 14, 2020.
             The game lasted 01:44:26 (37849 turns).

lorenzova the Eclecticist (Deep Elf Conjurer)      Turns: 37849, Time: 01:44:27

Health: 0/76       AC: 16    Str:  8    XL:     16   Next: 93%
Magic:  51/52      EV: 11    Int: 36    God:    Sif Muna [*****.]
Gold:   2161       SH:  5    Dex: 15    Spells: 29/55 levels left

rFire    + + .     SeeInvis .   H - staff of poison
rCold    + . .     Gourm    .   (no shield)
rNeg     . . .     Faith    .   M - +3 ring mail of the Minstrel {rF++ Str+3 Int+3}
rPois    +         Spirit   .   J - +3 hat of Pondering {ponderous, MR+ MP+10 Int+5}
rElec    .         Reflect  +   m - +0 cloak
rCorr    .         Harm     .   a - +0 pair of gloves
MR       ++...                  U - +1 pair of boots
Stlth    +.........             v - amulet of reflection
HPRegen  0.22/turn              p - ring of protection from cold
MPRegen  0.33/turn              S - ring of wizardry

@: slow
A: no striking features
}: 1/15 runes: decaying
a: Channel Magic, Forget Spell, Divine Exegesis, Renounce Religion


You were on level 3 of the Snake Pit.
You worshipped Sif Muna.
Sif Muna was extremely pleased with you.
You were hungry.

You visited 6 branches of the dungeon, and saw 27 of its levels.

You collected 3088 gold pieces.
You spent 927 gold pieces at shops.

Inventory:

Hand Weapons
 O - the +10 dagger of Duty {pain, +Fly rElec rN++ Int-4}
   (You found it on level 6 of the Dungeon)

   In the hands of one skilled in necromantic magic, it inflicts extra damage on
   living creatures.
   It affects your intelligence (-4).
   It insulates you from electricity.
   It greatly protects you from negative energy.
   It lets you fly.
Armour
 a - a +0 pair of gloves (worn)
 m - a +0 cloak (worn)
 J - the +3 hat of Pondering (worn) {ponderous, MR+ MP+10 Int+5}
   (You took it off Gastronok on level 9 of the Dungeon)

   It affects your intelligence (+5).
   It affects your resistance to hostile enchantments.
   It affects your magic capacity (+10).
 M - the +3 ring mail of the Minstrel (worn) {rF++ Str+3 Int+3}
   (You found it on level 10 of the Dungeon)

   It affects your strength (+3).
   It affects your intelligence (+3).
   It greatly protects you from fire.
 T - the +0 ring mail of the Orb {rC++ Int-3}
   (You found it on level 1 of the Swamp)

   It affects your intelligence (-3).
   It greatly protects you from cold.
 U - a +1 pair of boots (worn)
Magical Staves
 r - an uncursed staff of air
 x - an uncursed staff of fire
 y - an uncursed staff of earth
 C - an uncursed staff of wizardry
 H - an uncursed staff of poison (weapon)
Jewellery
 p - a ring of protection from cold (left hand)
 v - an amulet of reflection (around neck)
 z - an uncursed ring of protection from fire
 N - an uncursed ring of protection from magic
 S - a ring of wizardry (right hand)
 V - an uncursed ring of fire
 X - an uncursed ring of flight
Wands
 g - a wand of flame (29)
 u - a wand of disintegration (16)
 w - a wand of digging (5)
 A - a wand of acid (8)
 I - a wand of clouds (5)
Scrolls
 d - a scroll of holy word
 i - 6 scrolls of remove curse
 k - 8 scrolls of enchant armour
 o - 7 scrolls of fog
 q - 3 scrolls of amnesia
 D - a scroll of magic mapping
 E - 7 scrolls of teleportation
 K - a scroll of blinking
Potions
 b - 5 potions of lignification
 e - 2 potions of stabbing
 f - 4 potions of brilliance
 h - 6 potions of might
 j - a potion of berserk rage
 l - 12 potions of curing
 n - 3 potions of flight
 B - a potion of mutation
 F - 2 potions of haste
 G - 4 potions of heal wounds
 L - 2 potions of invisibility
 P - a potion of magic {unknown}
Comestibles
 c - 36 rations
 s - 5 chunks of flesh


   Skills:
 + Level 5.3 Armour
 - Level 2.4 Dodging
 - Level 2.4 Stealth
 * Level 20.3 Spellcasting
 * Level 17.9 Conjurations
 - Level 9.0 Hexes
 - Level 6.0 Translocations
 * Level 10.2 Fire Magic
 + Level 5.4 Air Magic
 * Level 10.1 Earth Magic
 + Level 10.8 Invocations


You had 29 spell levels left.
You knew the following spells:

 Your Spells              Type           Power        Failure   Level  Hunger
a - Magic Dart            Conj           ####         0%          1    None
b - Searing Ray           Conj           ######       0%          2    None
c - Iskenderun's Mystic   Conj/Tloc      #######.     1%          4    None
d - Fulminant Prism       Conj/Hex       #######...   1%          4    None
e - Bolt of Magma         Conj/Fire/Erth #######...   1%          5    None
f - Fireball              Conj/Fire      #######...   1%          5    None
l - Lightning Bolt        Conj/Air       #######...   1%          5    None

Your spell library contained the following spells:

 Spells                   Type           Power        Failure   Level  Hunger
 Stone Arrow              Conj/Erth      ######       0%          3    None
 Corona                   Hex            #######      1%          1    None
 Sandblast                Erth           ######       1%          1    None
 Corpse Rot               Necr/Air       N/A          1%          2    None
 Ensorcelled Hibernation  Hex/Ice        ######       1%          2    None
 Passwall                 Tmut/Erth      ######..     1%          2    None
 Sublimation of Blood     Necr           #####.....   1%          2    None
 Confusing Touch          Hex            #######.     1%          3    None
 Dazzling Flash           Conj/Hex       ######       1%          3    None
 Gell's Gravitas          Tloc           ######....   1%          3    None
 Ignite Poison            Fire/Tmut/Pois #######.     1%          3    None
 Portal Projectile        Hex/Tloc       ######       1%          3    None
 Static Discharge         Conj/Air       #######.     1%          3    None
 Summon Guardian Golem    Hex/Summ       ######..     1%          3    None
 Tukima's Dance           Hex            #######.     1%          3    None
 Petrify                  Tmut/Erth      ######..     1%          4    None
 Irradiate                Conj/Tmut      #######...   1%          5    None
 Lee's Rapid Deconstruct  Erth           #######...   1%          5    None
 Iron Shot                Conj/Erth      #######...   1%          6    None
 Starburst                Conj/Fire      #######...   1%          6    None
 Darkness                 Hex            #######...   3%          6    None
 Metabolic Englaciation   Hex/Ice        ######....   4%          5    None
 Yara's Violent Unravell  Hex/Tmut       ######....   4%          5    None
 Dispel Undead            Necr           #####...     9%          4    None
 Lehudib's Crystal Spear  Conj/Erth      #######...   17%         8    ###....
 Agony                    Necr           #####...     24%         5    None
 Excruciating Wounds      Chrm/Necr      #####.....   24%         5    None
 Ignition                 Fire           #######...   61%         8    ###....
 Ring of Flames           Chrm/Fire      ######....   63%         7    None
 Fire Storm               Conj/Fire      #######...   93%         9    #####..
 Shatter                  Erth           #######...   100%        9    #####..
 Tornado                  Air            ######....   100%        9    #####..


Dungeon Overview and Level Annotations

Branches:
Dungeon (11/15)            Temple (1/1) D:6            Lair (6/6) D:9
  Swamp (4/4) Lair:2        Snake (2/4) Lair:2        Slime (0/5) Lair:6
    Orc (2/2) D:9             Elf (0/3) Orc:2

Altars:
Ashenzari
Cheibriados
Dithmenos
Elyvilon
Fedhas
Gozag
Hepliaklqana
Kikubaaqudgha
Makhleb
Nemelex Xobeh
Okawaru
Qazlal
Ru
Sif Muna
Trog
Uskayaw
Vehumet
Wu Jian
Xom
Yredelemnul
Zin
The Shining One
Beogh
Lugonu

Shops:
D:5 %   Orc:2 (%[?(   Snake:1 [[*

Annotations:
Swamp:2 3 runed translucent doors, bomj's ghost, adept MiBe


Message History

The bolt of electricity hits you!
Unknown command.
Okay, then.
A salamander comes into view. It is wielding a +0 glaive.
The shock serpent shoots out a bolt of lightning at you!
The bolt of electricity hits you!! The black mamba bites you.
The black mamba bites you!
* * * LOW HITPOINT WARNING * * *
Casting: Iskenderun's Mystic Blast (safe; 1% risk of failure)
Confirm with . or Enter, or press ? or * to list all spells.
Aiming: Bolt of Magma (safe; 1% risk of failure)
Press: ? - help, Shift-Dir - straight line, f - shock serpent, p - salamander
Aim: a shock serpent The bolt of magma misses the black mamba.
The bolt of magma misses the shock serpent.
You feel less invigorated. The black mamba barely misses you.
The black mamba bites you!
* * * LOW HITPOINT WARNING * * *
The black mamba completely misses you. The black mamba bites you.
You die...

.....##... N
......... ..
.....). ... #....#
...# #....# ...#
###..N.##....+
..##............#
....N..S..........
.......@S..>.....#
........#S.....?.#
#......###......##
###...# #......#
#... #S..$..#
..... #.!....#
..... ..... .....


You could see 2 salamanders, a shock serpent and 2 black mambas.

Vanquished Creatures
  the Lernaean hydra (Swamp:4)
  2 thorn hunters (Swamp:4)
  Gastronok (D:9)
  Donald (Swamp:4)
  2 nagarajas (Snake:2)
  A very ugly thing (Swamp:4)
  Nessos (Orc:2)
  Snorg (Orc:1)
  A death ooze (Swamp:4)
  2 green deaths (Swamp:4)
  A hell beast (Swamp:4)
  15 hydras
  A naga warrior (Snake:1)
  2 shambling mangroves
  3 catoblepae (Lair:6)
  2 ghost crabs
  2 anacondas
  4 ogre magi (Orc:2)
  10 death yaks
  10 alligators
  16 two-headed ogres
  A thrashing horror (Swamp:4)
  A naga sharpshooter (Snake:1)
  2 shock serpents (Snake:2)
  Sonja (Lair:2)
  4 skeletal warriors (D:10)
  A spriggan druid (Swamp:4)
  6 swamp dragons
  A naga ritualist (Snake:1)
  3 orc knights
  5 mana vipers
  4 oklob plants (Lair:2)
  6 ugly things (Swamp:4)
  2 orc sorcerers (Orc:2)
  A cyclops (D:11)
  4 manticores
  2 salamanders (Snake:1)
  Maurice (Orc:2)
  14 black mambas
  5 naga magi
  2 large abominations (Swamp:4)
  3 orange demons (Swamp:4)
  13 spiny frogs
  4 kobold demonologists (D:11)
  4 rime drakes
  5 komodo dragons
  A queen bee (D:8)
  3 trolls
  8 tyrant leeches
  10 hornets
  24 blink frogs
  12 bog bodies
  15 slime creatures
  10 hippogriffs
  12 dream sheep
  Sigmund (D:5)
  3 shadows (Swamp:4)
  56 yaks
  2 wyverns
  6 spriggans
  3 basilisks
  Eustachio (D:5)
  14 vampire mosquitoes
  A steam dragon (D:11)
  4 wargs
  19 swamp worms
  21 insubstantial wisps
  12 nagas
  Edmund (D:5)
  13 water moccasins
  8 porcupines
  8 swamp drakes
  18 orc warriors
  2 ice beasts
  A sky beast (D:7)
  An eye of draining (D:8)
  4 black bears
  31 ogres
  5 wolves (Lair:3)
  6 centaurs
  12 crocodiles
  7 big kobolds (D:11)
  16 bullfrogs
  4 scorpions
  A wyvern skeleton (D:11)
  14 killer bees (D:8)
  3 electric eels
  3 crimson imps
  2 centaur zombies
  2 quasits
  2 centaur skeletons
  6 hounds
  7 jellies
  3 gnoll shamans
  14 orc priests
  Crazy Yiuf (D:3)
  Terence (D:3)
  Jessica (D:3)
  A bullfrog skeleton (D:9)
  2 iguanas (D:10)
  18 orc wizards
  6 hell rats (Lair:6)
  9 worker ants
  A hound zombie (D:7)
  A hound skeleton (D:11)
  A mummy (D:6)
  16 gnolls
  11 adders
  A white imp (D:9)
  2 oozes (Lair:6)
  2 adder zombies
  4 worms
  2 dart slugs
  7 leopard geckos
  62 orcs
  6 giant cockroaches
  7 goblins
  8 hobgoblins
  20 jackals
  9 quokkas
  2 ball pythons
  2 bats
  3 frilled lizards
  A goblin skeleton (D:9)
  4 hobgoblin zombies (D:9)
  21 kobolds
  2 kobold skeletons (D:9)
  A leopard gecko skeleton (D:4)
  An orc zombie (D:9)
  A quokka zombie (D:6)
  6 rats
  A briar patch (Swamp:4)
  8 fungi
  7 plants
865 creatures vanquished.

Vanquished Creatures (others)
  279 fulminant prisms
  17 fungi
  13 plants
309 creatures vanquished.

Grand Total: 1174 creatures vanquished

Notes
Turn   | Place    | Note
-------+----------+-------------------------------------------
     0 | D:1      | lorenzova the Deep Elf Conjurer began the quest for the
                  | Orb.
     0 | D:1      | Reached XP level 1. HP: 10/10 MP: 6/6
   264 | D:1      | Reached XP level 2. HP: 15/15 MP: 5/8
  1148 | D:2      | Reached skill level 4 in Spellcasting
  1173 | D:2      | Reached XP level 3. HP: 7/19 MP: 0/10
  1181 | D:1      | Learned a level 2 spell: Searing Ray
  1472 | D:2      | Reached skill level 5 in Conjurations
  1874 | D:2      | Reached XP level 4. HP: 24/24 MP: 5/12
  1878 | D:2      | Reached skill level 5 in Spellcasting
  1994 | D:2      | Found an iron altar of Okawaru.
  2307 | D:2      | Found a basalt altar of Yredelemnul.
  2307 | D:2      | Found a bloodstained altar of Trog.
  2582 | D:3      | Reached XP level 5. HP: 28/28 MP: 3/14
  3197 | D:3      | Noticed Terence
  3203 | D:3      | Killed Terence
  3203 | D:3      | Reached skill level 6 in Spellcasting
  3283 | D:3      | Found a burning altar of Makhleb.
  3285 | D:3      | Noticed an Executioner
  3298 | D:3      | Noticed Jessica
  3312 | D:3      | Killed Jessica
  3312 | D:3      | Reached XP level 6. HP: 21/32 MP: 9/17
  3371 | D:3      | Learned a level 4 spell: Iskenderun's Mystic Blast
  3376 | D:3      | Learned a level 4 spell: Fulminant Prism
  3466 | D:3      | Found a runed translucent door.
  3467 | D:3      | Noticed Crazy Yiuf
  3520 | D:3      | Killed Crazy Yiuf
  3988 | D:4      | Reached skill level 1 in Hexes
  3988 | D:4      | Reached skill level 1 in Translocations
  4070 | D:4      | Reached skill level 7 in Spellcasting
  4248 | D:4      | Found a shimmering altar of Xom.
  4323 | D:4      | Reached XP level 7. HP: 36/36 MP: 16/19
  4847 | D:5      | Entered Level 5 of the Dungeon
  4914 | D:5      | Found a sparkling altar of Nemelex Xobeh.
  5008 | D:5      | Noticed Eustachio
  5058 | D:5      | Killed Eustachio
  5251 | D:5      | Noticed Sigmund
  5257 | D:5      | Killed Sigmund
  5257 | D:5      | Reached skill level 8 in Spellcasting
  5346 | D:5      | Noticed Edmund
  5359 | D:5      | Killed Edmund
  5359 | D:5      | Reached XP level 8. HP: 29/41 MP: 8/22
  5509 | D:5      | Found Leyziriy's Food Emporium.
  6024 | D:6      | Reached skill level 9 in Spellcasting
  6265 | D:6      | Found a stormy altar of Qazlal.
  6437 | D:6      | Found a sacrificial altar of Ru.
  6704 | D:6      | Found a blossoming altar of Fedhas.
  6784 | D:6      | Found a snail-covered altar of Cheibriados.
  6888 | D:6      | Found a staircase to the Ecumenical Temple.
  7461 | D:7      | Reached skill level 10 in Spellcasting
  7461 | D:7      | Reached skill level 5 in Hexes
  7461 | D:7      | Reached XP level 9. HP: 45/45 MP: 19/25
  8127 | D:7      | Found a white marble altar of Elyvilon.
  8194 | D:7      | Found a shimmering blue altar of Sif Muna.
  8267 | D:7      | Reached skill level 11 in Spellcasting
  8267 | D:7      | Reached skill level 5 in Translocations
  8378 | Temple   | Entered the Ecumenical Temple
  8540 | D:7      | Reached skill level 10 in Conjurations
  8724 | D:7      | Found an ornate altar of the Wu Jian Council.
  8986 | D:8      | HP: 2/45 [poisoned by a killer bee]
  9293 | D:8      | Reached XP level 10. HP: 39/50 MP: 23/27
  9982 | D:8      | Reached skill level 12 in Spellcasting
 10362 | D:8      | Noticed a two-headed ogre
 10371 | D:8      | Killed a two-headed ogre
 10952 | D:7      | Became a worshipper of Sif Muna the Loreminder
 11293 | D:9      | Found an opulent altar of Gozag.
 11321 | D:9      | Reached skill level 13 in Spellcasting
 11321 | D:9      | Reached skill level 1 in Invocations
 11409 | D:9      | Noticed Gastronok
 11412 | D:9      | Found a staircase to the Lair.
 11921 | D:9      | Noticed a two-headed ogre
 11935 | D:9      | Killed a two-headed ogre
 12115 | D:9      | Found a glowing golden altar of the Shining One.
 12148 | D:9      | Reached * piety under Sif Muna
 12258 | D:9      | Found a radiant altar of Vehumet.
 12281 | D:9      | Found a staircase to the Orcish Mines.
 12467 | D:9      | Killed Gastronok
 12467 | D:9      | Reached XP level 11. HP: 21/54 MP: 9/30
 12676 | D:10     | Entered Level 10 of the Dungeon
 12680 | D:10     | Found a bloodstained altar of Trog.
 12701 | D:10     | Noticed a two-headed ogre
 12707 | D:10     | Killed a two-headed ogre
 12712 | D:10     | Noticed a two-headed ogre
 12941 | D:10     | Reached skill level 14 in Spellcasting
 12953 | D:10     | Killed a two-headed ogre
 13186 | D:10     | Noticed a skeletal warrior
 13188 | D:10     | Noticed a skeletal warrior
 13251 | D:10     | Found an iron altar of Okawaru.
 13271 | D:10     | Got a transparent ring mail
 13282 | D:10     | Identified the +3 ring mail of the Minstrel {rF++ Str+3
                  | Int+3} (You found it on level 10 of the Dungeon)
 13305 | D:10     | Noticed a skeletal warrior
 13305 | D:10     | Noticed a skeletal warrior
 13311 | D:10     | Killed a skeletal warrior
 13318 | D:10     | Killed a skeletal warrior
 13321 | D:10     | Killed a skeletal warrior
 13334 | D:10     | Killed a skeletal warrior
 13334 | D:10     | Reached ** piety under Sif Muna
 13456 | D:10     | Found a shimmering blue altar of Sif Muna.
 13636 | D:10     | Reached skill level 5 in Invocations
 13639 | D:10     | Reached skill level 15 in Spellcasting
 13648 | D:10     | Reached XP level 12. HP: 59/59 MP: 23/33
 15541 | Lair:1   | Entered Level 1 of the Lair of Beasts
 15750 | Lair:1   | Reached *** piety under Sif Muna
 15778 | Lair:1   | Reached skill level 16 in Spellcasting
 16892 | Lair:2   | Found a staircase to the Snake Pit.
 16933 | Lair:2   | Noticed Sonja
 17332 | Lair:2   | Killed Sonja
 17719 | Lair:2   | Noticed a six-headed hydra
 17728 | Lair:2   | Killed a six-headed hydra
 17728 | Lair:2   | Reached XP level 13. HP: 63/63 MP: 30/35
 17854 | Lair:2   | Reached **** piety under Sif Muna
 18016 | Lair:2   | Found the +9 sword of Zonguldrok {reap}
 18498 | Lair:3   | Reached skill level 17 in Spellcasting
 18509 | Lair:3   | Reached skill level 15 in Conjurations
 19160 | Lair:2   | Found a staircase to the Swamp.
 21025 | Lair:4   | Reached ***** piety under Sif Muna
 21035 | Lair:4   | Identified Sif Muna's Papyrus of the Damaging Arsonist (Sif
                  | Muna gifted it to you on level 4 of the Lair of Beasts)
 21035 | Lair:4   | Received a gift from Sif Muna
 21115 | Lair:4   | Learned a level 5 spell: Bolt of Magma
 21307 | Lair:5   | Reached skill level 1 in Fire Magic
 21310 | Lair:5   | Reached skill level 1 in Earth Magic
 21840 | Lair:6   | Entered Level 6 of the Lair of Beasts
 22209 | Lair:6   | Reached skill level 18 in Spellcasting
 22787 | Lair:6   | Reached skill level 1 in Armour
 22997 | Lair:6   | Found a staircase to the Slime Pits.
 23498 | Lair:6   | Reached XP level 14. HP: 68/68 MP: 38/38
 24283 | Lair:6   | Reached skill level 5 in Fire Magic
 24707 | Lair:6   | Learned a level 5 spell: Lightning Bolt
 24957 | Lair:2   | Reached skill level 5 in Earth Magic
 25116 | D:6      | Got a crude dagger
 25117 | D:6      | Identified the +10 dagger of Duty {pain, +Fly rElec rN++
                  | Int-4} (You found it on level 6 of the Dungeon)
 25206 | Orc:1    | Entered Level 1 of the Orcish Mines
 25208 | Orc:1    | Noticed Snorg
 25487 | Swamp:1  | Entered Level 1 of the Swamp
 26096 | Swamp:1  | Reached skill level 1 in Air Magic
 26795 | Swamp:1  | Got a dazzling ring mail
 26806 | Swamp:1  | Identified the +0 ring mail of the Orb {rC++ Int-3} (You
                  | found it on level 1 of the Swamp)
 27349 | Swamp:2  | Found a runed translucent gate.
 27693 | Swamp:2  | Found a runed translucent gate.
 27693 | Swamp:2  | Found a runed translucent gate.
 27694 | Swamp:2  | Noticed bomj's ghost (adept MiBe)
 27877 | Swamp:2  | Reached XP level 15. HP: 72/72 MP: 39/39
 27976 | Swamp:2  | Reached skill level 19 in Spellcasting
 30028 | Swamp:4  | Entered Level 4 of the Swamp
 30043 | Swamp:4  | Noticed Donald
 30044 | Swamp:4  | Noticed a thorn hunter
 30274 | Swamp:4  | Killed a thorn hunter
 30446 | Swamp:4  | Killed Donald
 30633 | Swamp:4  | Reached skill level 10 in Invocations
 30920 | Swamp:4  | Noticed a thorn hunter
 30924 | Swamp:4  | Killed a thorn hunter
 31653 | Swamp:4  | Noticed the 27-headed Lernaean hydra
 31709 | Swamp:4  | Killed the 27-headed Lernaean hydra
 31773 | Swamp:4  | Reached XP level 16. HP: 66/76 MP: 40/41
 32329 | Swamp:4  | Got a decaying rune of Zot
 32655 | Orc:1    | Killed Snorg
 33132 | Orc:2    | Entered Level 2 of the Orcish Mines
 34118 | Orc:2    | Found a roughly hewn altar of Beogh.
 34158 | Orc:2    | Found a staircase to the Elven Halls.
 34176 | Orc:2    | Identified Sif Muna's Disquisition on Earthen Beguiling
                  | (Sif Muna gifted it to you on level 2 of the Orcish Mines)
 34176 | Orc:2    | Received a gift from Sif Muna
 34386 | Orc:2    | Noticed Nessos
 34392 | Orc:2    | Killed Nessos
 34392 | Orc:2    | Reached skill level 20 in Spellcasting
 34392 | Orc:2    | Noticed Maurice
 34394 | Orc:2    | Killed Maurice
 35252 | Orc:2    | Reached skill level 5 in Air Magic
 35413 | Orc:2    | Found Juw Venofu's Antique Weapon Boutique.
 35413 | Orc:2    | Found Migoam's Magic Scroll Shoppe.
 35414 | Orc:2    | Found Maesauno's Antique Armour Shoppe.
 35414 | Orc:2    | Found Coneel's Food Shop.
 35422 | Orc:2    | Bought a scroll of identify for 32 gold pieces
 35422 | Orc:2    | Bought a scroll of identify for 32 gold pieces
 35422 | Orc:2    | Bought a scroll of identify for 32 gold pieces
 35425 | Orc:2    | Bought a scroll of magic mapping for 56 gold pieces
 35425 | Orc:2    | Bought a scroll of teleportation for 48 gold pieces
 35425 | Orc:2    | Bought 3 scrolls of teleportation for 144 gold pieces
 35425 | Orc:2    | Bought a scroll of blinking for 120 gold pieces
 35425 | Orc:2    | Bought a scroll of teleportation for 48 gold pieces
 35495 | Orc:2    | Found Jytewir's Weapon Shoppe.
 35863 | Snake:1  | Entered Level 1 of the Snake Pit
 35910 | Snake:1  | Found Ritwao's Antique Armour Emporium.
 36140 | Snake:1  | Reached skill level 5 in Armour
 36479 | Snake:1  | Reached skill level 10 in Fire Magic
 36657 | Snake:1  | Found Ralifriy's Antique Armour Emporium.
 36763 | Snake:1  | Bought a steaming ring mail for 270 gold pieces
 36774 | Snake:1  | Identified the +2 ring mail of Buckas {rF+} (You bought it
                  | in a shop on level 1 of the Snake Pit)
 37227 | Snake:1  | Found Botiobir's Assorted Antiques.
 37231 | Snake:1  | Bought a scroll of identify for 58 gold pieces
 37231 | Snake:1  | Bought a scroll of teleportation for 87 gold pieces
 37341 | Snake:2  | Reached skill level 10 in Earth Magic
 37589 | Snake:2  | Learned a level 5 spell: Fireball
 37826 | Snake:2  | You fall into a shaft and drop 1 floor!
 37849 | Snake:3  | HP: 1/76 [black mamba (10)]
 37849 | Snake:3  | Slain by a black mamba

Illustrated notes

Levels and vault maps discovered:
D:1:      dpeg_arrival_brainrot, layout_basic, minmay_crystal_water,
          roderic_serpentine_path
D:2:      layout_rooms, lemuel_round_altar, gammafunk_temple_overflow_elements
D:3:      layout_loops_cross, makhleb_altar_promises_db, uniq_terence,
          uniq_crazy_yiuf_cottage, uniq_jessica
D:4:      layout_basic, old_standard_altar, first_ration,
          grunt_decor_mini_mirrors
D:5:      layout_basic, nemelex_altar_shiori, serial_shops, shop, uniq_sigmund,
          uniq_eustachio, uniq_edmund
D:6:      layout_rooms, fedhas_ov_isle_minmay, slow_altar_1,
          grunt_qazlal_clouds, hangedman_ru_absence,
          minmay_temple_entry_sparse_star
D:7:      minmay_the_grid_octo_triangle [minmay_the_grid_octo_odd_swirl,
          minmay_the_grid_octo_prize_single_spiral,
          minmay_the_grid_octo_clover], layout_basic,
          nicolae_overflow_hidden_temple, elyvilon_altar_1, old_standard_altar,
          kennysheep_generic_room_4
D:8:      layout_basic, david_nohive_1, hangedman_abyss_or_decor_passed
D:9:      layout_rooms, nicolae_tso_besieged_by_evil, marbit_many_paths,
          kennysheep_mini, lair_entry_dummy, small_statue_intersection,
          uniq_gastronok
D:10:     layout_cave_pools, grunt_ministairs_2, hangedman_feature_mirror,
          minmay_misc_feat_square, hangedman_decor_opposing,
          okawaru_metal_pillars_1_2
D:11:     layout_gridville
Temple:   corrupted_temple
Lair:1:   layout_cave_pods, patterned_corridor
Lair:2:   layout_chaotic_city, nicolae_swamp_entry_splash_gauntlet,
          guppyfry_snake_entry_garden, grunt_forest_large_clearing_hut,
          infiniplex_staircase_pool_2, minmay_lair_oklob_chamber,
          lemuel_fruit_tree, uniq_sonja
Lair:3:   layout_chaotic_city, serial_bayou_lagoon_a, grunt_megastairs_1
Lair:4:   layout_gridlike, minivault_26, minivault_23
Lair:5:   layout_misc_corridors
Lair:6:   evilmike_catoblepas_cave, layout_long_grid,
          nicolae_slime_entry_slimehenge, serial_rivers,
          chequers_serial_rivers_micro_d, chequers_serial_rivers_room_a,
          chequers_serial_rivers_micro_b, chequers_serial_rivers_micro_c,
          chequers_serial_rivers_room_a
Swamp:1:  layout_basic_swamp, evilmike_swamp_ruin_wall
Swamp:2:  layout_basic_swamp, ebering_ghost_rock_garden,
          evilmike_swamp_ruin_house_5, swamp_pool2
Swamp:3:  layout_falls_marsh, evilmike_swamp_ruin_rubble_1
Swamp:4:  swamp_vile, layout_basic_swamp, uniq_donald
Snake:1:  layout_basic, serial_shops, shop_coins, nicolae_shop_window_shopping,
          shop, nicolae_snake_double_loop
Snake:2:  nicolae_aizul_guard, layout_basic, hangedman_snake_pattern,
          grunt_ministairs_14, drop_trap
Snake:3:  layout_cave_town, guppyfry_library_mini
Orc:1:    layout_diamond_mine, uniq_snorg
Orc:2:    st_orc_ogre_mass, layout_diamond_mine, serial_shops, shop_statue,
          basic_altar, uniq_nessos, uniq_maurice

Skill      XL: |  1  2  3  4  5  6  7  8  9 10 11 12 13 14 15 16 |
---------------+-------------------------------------------------+-----
Spellcasting   | 4 5 6 7 8 10 11 13 15 16 18 19 20 | 20.3
Conjurations   | 5 6 7 9 10 12 13 14 15 16 17 | 17.9
Hexes          | 1 3 5 6 8 9 |  9.0
Translocations | 1 2 4 5 6 |  6.0
Invocations    | 2 5 7 8 9 10 | 10.8
Fire Magic     | 3 6 8 10 | 10.2
Earth Magic    | 3 6 8 10 | 10.1
Armour         | 1 3 4 5 |  5.3
Air Magic      | 2 4 5 |  5.4
Dodging        | |  2.4
Stealth        | |  2.4

Action                   |  1- 3 |  4- 6 |  7- 9 | 10-12 | 13-15 | 16-18 || total
-------------------------+-------+-------+-------+-------+-------+-------++-------
Melee: Unarmed           |     7 |       |       |       |       |       ||     7
       Quarterstaff      |       |     8 |     2 |       |       |       ||    10
       Staff             |       |       |       |       |       |     1 ||     1
 Cast: Magic Dart        |    74 |    79 |   121 |   221 |   273 |    25 ||   793
       Searing Ray       |     2 |    16 |    51 |    83 |    47 |       ||   199
       Fulminant Prism   |       |       |    10 |   104 |   118 |    47 ||   279
       Iskenderun's Myst |       |       |     3 |    25 |   118 |    26 ||   172
       Bolt of Magma     |       |       |       |       |   197 |    87 ||   284
       Lightning Bolt    |       |       |       |       |    41 |   119 ||   160
Invok: Channel Magic     |       |       |       |       |    26 |     8 ||    34
Evoke: Wand              |       |       |       |       |     2 |       ||     2
  Use: Potion            |     4 |       |     3 |       |       |       ||     7
       Scroll            |       |     2 |     2 |     2 |    19 |     6 ||    31
 Stab: Sleeping          |       |     1 |       |       |       |       ||     1
  Eat: Chunk             |     3 |     7 |    15 |    26 |    34 |    12 ||    97
       Ration            |       |       |       |       |     5 |     3 ||     8
Armor: Robe              |     9 |     1 |    10 |       |       |       ||    20
       Ring mail         |       |       |       |    14 |    48 |    20 ||    82
Dodge: Dodged            |    37 |    21 |    42 |    32 |    70 |    22 ||   224
Block: Other             |       |       |     9 |    23 |    37 |    11 ||    80
       Reflection        |       |       |     1 |     6 |     1 |     1 ||     9
